 Dungeon Crawl Stone Soup version 0.27.1 (webtiles) character file.

Game seed: 9530989884290470630

114 Malachi the Chopper (level 4, -3/39 HPs)
             Began as a Hill Orc Fighter on Aug 20, 2021.
             Killed from afar by an orc wizard (6 damage)
             ... with a magic dart
             ... on level 3 of the Dungeon.
             The game lasted 00:03:18 (2419 turns).

Malachi the Chopper (Hill Orc Fighter)              Turns: 2419, Time: 00:03:19

Health: -3/39      AC:  8    Str: 19    XL:     4   Next: 97%
Magic:  4/4        EV:  7    Int:  8    God:
Gold:   73         SH: 10    Dex: 10    Spells: 3/3 levels left

rFire    . . .     SeeInvis .   a - +1 war axe
rCold    . . .     Faith    .   c - +1 kite shield
rNeg     . . .     Spirit   .   b - +0 scale mail
rPois    .         Reflect  .   d - +0 helmet
rElec    .         Harm     .   (no cloak)
rCorr    .         Rampage  .   (no gloves)
Will     .....                  (no boots)
Stlth    ..........             (no amulet)
HPRegen  0.13/turn              (no ring)
MPRegen  0.09/turn              (no ring)

@: no status effects
A: no striking features
a: no special abilities


You were on level 3 of the Dungeon.
You visited 1 branch of the dungeon, and saw 3 of its levels.

You collected 73 gold pieces.

Inventory:

Hand Weapons
 a - a +1 war axe (weapon)
Missiles
 f - 6 javelins (quivered)
Armour
 b - a +0 scale mail (worn)
 c - a +1 kite shield (worn)
 d - a +0 helmet (worn)


   Skills:
 - Level 3.6 Fighting
 * Level 6.6 Axes
 - Level 3.2 Armour
 - Level 3.2 Shields


You had 3 spell levels left.
You didn't know any spells.
Your spell library was empty.

Dungeon Overview and Level Annotations

Branches:
Dungeon (3/15)

Altars:

Annotations:
D:2 Sigmund


Message History

You hit the giant cockroach.
You kill the giant cockroach!
You slash the gnoll shaman!
The gnoll shaman hits you with a +0 whip!
You block the gnoll's attack.
You are no longer glowing.
The gnoll closely misses you. The gnoll hits you with a +0 whip.
You block the gnoll's attack. The gnoll hits you with a +0 whip.
The gnoll hits you with a +0 whip.
* * * LOW HITPOINT WARNING * * *
The gnoll hits you with a +0 whip.
* * * LOW HITPOINT WARNING * * *
You aren't carrying any potions.
You aren't carrying any scrolls.
Unknown command.
The gnoll hits you but does no damage. You block the gnoll's attack.
The gnoll is no longer moving quickly.
You barely miss the gnoll. The gnoll hits you but does no damage.
Your shield and scale mail prevent you from hitting the gnoll shaman.
The gnoll shaman is moderately wounded.
Your shield and scale mail prevent you from hitting the gnoll shaman.
The gnoll shaman is moderately wounded.
The gnoll shaman hits you with a +0 whip.
* * * LOW HITPOINT WARNING * * *
You block the gnoll shaman's attack.
The gnoll shaman mumbles some strange prayers to its god against you.
You resist with some effort.
Found a leather armour.
The gnoll shaman calls upon its god to speed up something.
Something unseen opens the door.
A hobgoblin, an orc and an orc wizard come into view.
The hobgoblin shouts!
The orc shouts!
The orc wizard shouts!
You hear a shout!
An orc comes into view. It is wielding a +0 war axe.
The orc shouts!
The orc wizard points at you and mumbles some strange words.
The magic dart hits you.
You die...

#.##.........#
######.#####'###########
........g...............
######+#####'##.......#
#.g.........#
#.....gg....#
#....g......#
#...........#
##+##.@.....#
#........#### #........#
+...[....# #...o.g..#
#......o.# #.....o..#
####......


You could see a gnoll shaman, an orc wizard, 3 gnolls, 2 orcs and a hobgoblin.

Vanquished Creatures
  Terence (D:3)
  Robin (D:2)
  3 dart slugs
  3 ball pythons
  6 bats
  8 endoplasms
  A giant cockroach (D:3)
  13 goblins
  6 hobgoblins
  6 jackals
  A quokka (D:2)
  6 frilled lizards
  4 kobolds
  4 rats
63 creatures vanquished.

Vanquished Creatures (others)
  4 toadstools (D:1)
4 creatures vanquished.

Grand Total: 67 creatures vanquished

Notes
Turn   | Place    | Note
-------+----------+-------------------------------------------
     0 | D:1      | Malachi the Hill Orc Fighter began the quest for the Orb.
     0 | D:1      | Reached XP level 1. HP: 19/19 MP: 1/1
    67 | D:1      | Reached skill level 3 in Axes
   106 | D:1      | Reached XP level 2. HP: 25/26 MP: 2/2
   151 | D:1      | Reached skill level 4 in Axes
   329 | D:1      | Reached XP level 3. HP: 31/31 MP: 3/3
   790 | D:1      | Found a faded altar of an unknown god.
   964 | D:2      | Reached skill level 5 in Axes
  1199 | D:2      | Noticed Robin
  1265 | D:1      | Reached XP level 4. HP: 12/39 MP: 4/4
  1613 | D:2      | Killed Robin
  1935 | D:2      | Reached skill level 6 in Axes
  2099 | D:2      | Noticed Sigmund
  2344 | D:3      | Noticed Terence
  2371 | D:3      | Killed Terence
  2419 | D:3      | Killed from afar by an orc wizard

Illustrated notes

Levels and vault maps discovered:
D:1:      ldierk_water_garden, layout_basic,
          shapermc_ecumenical_altar_mp_vishouse, serial_curves, eino_curves_03,
          eino_curves_04
D:2:      layout_basic, serial_glass, glass_columns_b, glass_columns_a,
          glass_columns_a, glass_columns_a, glass_columns_a, glass_columns_a,
          chequers_serial_rivers_small_b, uniq_crazy_yiuf_cottage, uniq_sigmund,
          uniq_robin
D:3:      layout_basic, uniq_terence, uniq_jessica

Skill      XL: |  1  2  3  4 |
---------------+-------------+-----
Axes           | 3 4 5 6 |  6.6
Fighting       | |  3.6
Armour         | |  3.2
Shields        | |  3.2

Action                   |  1- 3 |  4- 6 || total
-------------------------+-------+-------++-------
Melee: War axe           |   126 |    56 ||   182
  Use: Scroll            |     5 |     1 ||     6
       Potion            |     1 |     1 ||     2
 Stab: Invisible         |     1 |       ||     1
Armor: Scale mail        |    79 |    22 ||   101
Dodge: Dodged            |    47 |    15 ||    62
Block: Kite shield       |    69 |    38 ||   107
